 Dungeon Crawl Stone Soup version 0.27.1-3-gb3d3a73c9e (webtiles) character file.

Game seed: 8713510082156205596

220 raph the Chopper (level 5, 0/45 HPs)
             Began as a Hill Orc Fighter on Oct 28, 2021.
             Slain by a killer bee (4 damage)
             ... on level 4 of the Dungeon.
             The game lasted 00:05:03 (3195 turns).

raph the Chopper (Hill Orc Fighter)                 Turns: 3195, Time: 00:05:04

Health: 0/45       AC: 11    Str: 25    XL:     5   Next: 97%
Magic:  5/5        EV:  8    Int:  8    God:
Gold:   150        SH:  0    Dex: 11    Spells: 4/4 levels left

rFire    . . .     SeeInvis .   a - +1 war axe
rCold    . . .     Faith    .   (no shield)
rNeg     . . .     Spirit   .   h - +0 chain mail
rPois    .         Reflect  .   k - +1 helmet
rElec    .         Harm     .   (no cloak)
rCorr    .         Rampage  .   (no gloves)
Will     .....                  (no boots)
Stlth    ..........             (no amulet)
HPRegen  0.15/turn              j - +6 ring of strength
MPRegen  0.09/turn              (no ring)

@: mighty, lethally poisoned (0 -> -6)
A: no striking features
a: no special abilities


You were on level 4 of the Dungeon.
You visited 1 branch of the dungeon, and saw 4 of its levels.

You collected 150 gold pieces.

Inventory:

Hand Weapons
 a - a +1 war axe (weapon)
Missiles
 f - 7 boomerangs (quivered)
Armour
 b - a +0 scale mail
 c - a +0 kite shield
 h - a +0 chain mail (worn)
 k - a +1 helmet (worn)
Jewellery
 j - a +6 ring of strength (left hand)
Scrolls
 l - a scroll of brand weapon {unknown}
Potions
 d - 3 potions of might
 e - a potion of curing
 g - a potion of magic
 i - a potion of heal wounds {unknown}
 n - a potion of degeneration {unknown}


   Skills:
 - Level 3.6 Fighting
 + Level 7.9 Axes
 - Level 3.2 Armour
 - Level 3.2 Shields


You had 4 spell levels left.
You didn't know any spells.
Your spell library contained the following spells:

 Spells                   Type           Power      Damage    Failure   Level
 Gell's Gravitas          Tloc           0%         N/A       100%        3
 Lesser Beckoning         Tloc           0%         N/A       100%        3
 Teleport Other           Tloc           0%         N/A       100%        3


Dungeon Overview and Level Annotations

Branches:
Dungeon (4/15)
 Temple: D:4-7

Altars:
Cheibriados

Shops:
D:3 =(*[


Message History

You feel sick. The killer bee barely misses you.
The killer bee stings you but does no damage.
You slash the dart slug!
You kill the dart slug!
You miss the killer bee.
You feel sick. The killer bee barely misses you.
The killer bee closely misses you.
You slash the killer bee!
You kill the killer bee!
You feel sick. The killer bee stings you.
You miss the killer bee.
You feel sick.
The killer bee stings you but does no damage. x3
You miss the killer bee.
You feel sick. The killer bee barely misses you.
The killer bee stings you but does no damage.
You miss the killer bee.
You feel sick.
The killer bee stings you but does no damage.
The killer bee closely misses you.
You miss the killer bee.
You feel sick.
You are no longer poisoned.
The killer bee closely misses you. The killer bee barely misses you.
You miss the killer bee.
The killer bee stings you but does no damage.
The killer bee completely misses you.
You slash the killer bee!
The killer bee is severely wounded.
The killer bee stings you.
The killer bee stings you but does no damage.
The killer bee closely misses you.
You miss the killer bee.
The killer bee is severely wounded.
The killer bee stings you.
You are poisoned.
The killer bee poisons you!
The killer bee stings you but does no damage.
You barely miss the killer bee.
The killer bee is severely wounded.
You feel very sick. The killer bee stings you!
* * * LOW HITPOINT WARNING * * *
The killer bee stings you.
You die...

......... y..y....##....
..... #.... #..y# #....
#...# ####.#. #...#
#...... ## #...# #.##.##
#...#####...# #.##.##
#.....@y..#.# #.##...
#...#####...#####......
#.........#........#####
# .#..##.#.#####.......
.. #.#.##.........#
..#.##.#.).##..#
#.#......).##..#
....##.#.#......
.......#.##.##.#


You could see a killer bee.

Vanquished Creatures
  A scorpion (D:4)
  A water moccasin skeleton (D:4)
  A killer bee (D:4)
  A hound skeleton (D:4)
  An adder (D:4)
  A dart slug (D:4)
  2 orcs
  7 bats
  2 endoplasms
  4 giant cockroaches
  4 goblins
  4 hobgoblins
  6 kobolds
  A quokka (D:2)
  6 ball pythons
  A frilled lizard (D:2)
  4 rats (D:2)
47 creatures vanquished.

Notes
Turn   | Place    | Note
-------+----------+-------------------------------------------
     0 | D:1      | raph the Hill Orc Fighter began the quest for the Orb.
     0 | D:1      | Reached XP level 1. HP: 19/19 MP: 1/1
   238 | D:1      | Reached skill level 3 in Axes
   444 | D:1      | Reached XP level 2. HP: 26/26 MP: 2/2
   678 | D:1      | Reached skill level 4 in Axes
  1228 | D:2      | Reached XP level 3. HP: 30/31 MP: 3/3
  1504 | D:2      | Found a snail-covered altar of Cheibriados.
  1538 | D:2      | Found a faded altar of an unknown god.
  1920 | D:2      | Reached skill level 5 in Axes
  2176 | D:3      | Found Sisow's General Store.
  2195 | D:3      | Found Seefuin's Antique Weapon Shoppe.
  2206 | D:3      | Found Aphiq's Jewellery Boutique.
  2624 | D:3      | Found Jeceppib's Antique Armour Shoppe.
  2972 | D:4      | Noticed a scorpion
  2977 | D:4      | Killed a scorpion
  2978 | D:4      | Reached skill level 6 in Axes
  2978 | D:4      | Reached XP level 4. HP: 36/39 MP: 4/4
  3001 | D:4      | Reached skill level 7 in Axes
  3001 | D:4      | Reached XP level 5. HP: 28/45 MP: 5/5
  3195 | D:4      | Slain by a killer bee

Illustrated notes

Levels and vault maps discovered:
D:1:      matt_arrival_refuge, layout_rooms
D:2:      layout_loops_corners, dreamdust_ecumenical_altar_statues, basic_altar
D:3:      layout_loops_ring, serial_shops,
          nicolae_shop_competitors_out_of_business, shop,
          nicolae_lakefront_shop, shop
D:4:      layout_loops_cross

Skill      XL: |  1  2  3  4 |
---------------+-------------+-----
Axes           | 3 4 6 7 |  7.9
Fighting       | |  3.6
Armour         | |  3.2
Shields        | |  3.2

Action                   |  1- 3 |  4- 6 || total
-------------------------+-------+-------++-------
Melee: War axe           |   107 |    30 ||   137
Throw: Boomerang         |     4 |       ||     4
  Use: Scroll            |     8 |       ||     8
       Potion            |       |     1 ||     1
Armor: Scale mail        |    55 |       ||    55
       Chain mail        |     5 |    24 ||    29
Dodge: Dodged            |    61 |    18 ||    79
Block: Kite shield       |     2 |       ||     2
